nht, lawful female elven Wizard ---------------- |..............| |...)..........| ## |..............| # --.----.-----.--### # # # # ### #### # ## ####### ## -@--- #### |@P.| # # |+.J. -----# .../| |.<.|# ----- |..%|# |...-# |...| ----- nht the Thaumaturge Experience level: 6 Strength: 25 Dexterity: 14 Constitution: 15 Intelligence: 16 Wisdom: 13 Charisma: 6 Health: 0(39) Energy: 58(69) Def: 1 Gold: 1706 Moves: 1507 Dungeon seed: 6rGK8IcNy9rUVQjN Game ID: nht_1432022285 Your Inventory: Coins $ - 1706 gold pieces Weapons a - a blessed +1 quarterstaff (weapon in hands) Armor e - an uncursed +0 cloak of magic resistance (being worn) r - a cursed -1 pair of gauntlets of fumbling E - a cursed -1 helm of opposite alignment (being worn) N - an uncursed +1 pair of gauntlets of power (being worn) Y - an uncursed rusty -2 pair of kicking boots (being worn) Comestibles u - an uncursed partly eaten food ration Scrolls h - a blessed scroll of identify i - an uncursed scroll of taming D - 4 uncursed scrolls of blank paper H - a cursed scroll of identify L - an uncursed scroll of identify S - a blessed scroll of enchant weapon Spellbooks l - a blessed spellbook of magic missile m - an uncursed spellbook of cure sickness q - a blessed spellbook of blank paper Potions f - 2 uncursed potions of gain ability g - an uncursed potion of booze Rings c - an uncursed ring of free action d - an uncursed ring of teleportation (on left hand) Wands b - a wand of cold (0:7) G - a wand of striking (0:5) R - a wand of slow monster (0:4) Tools n - a magic marker (1:81) o - an uncursed leather drum v - an uncursed skeleton key Gems y - an uncursed worthless piece of orange glass z - 2 uncursed worthless pieces of white glass Q - an uncursed citrine stone Spells known in the end: Name Level Category Fail Memory a - force bolt 1 attack 63% 90% b - magic missile 2 attack 30% 13% c - cure sickness 3 healing 100% 40% d - detect monsters 1 divination 63% 63% e - healing 1 healing 63% 2% Your skills at the end: Fighting Skills Weapon Skills quarterstaff [Basic] Spellcasting Skills attack spells [Basic] enchantment spells [Basic] Final Attributes: You had sinned. You were sleep resistant. You were magic-protected. You were hallucinating. You had infravision. You could teleport. You were unlucky. You are dead. Vanquished creatures: a shopkeeper a winter wolf cub a rope golem a paper golem a kitten a homunculus a centipede a dwarf zombie a wererat an iguana a coyote a cave spider a red mold a gnome zombie a gecko 2 jackals 4 foxen 5 goblins a sewer rat 5 grid bugs 7 lichens 2 kobold zombies 4 newts and a partridge in a pear tree 45 creatures vanquished. Voluntary challenges: You followed a strict vegan diet. You used a wielded weapon 50 times, starting on turn 19. You read items or engraved 15 times, starting on turn 6. You never genocided any monsters. You never polymorphed an object. You never changed form. You used no wishes. You never split a pudding. You wrote Elbereth's name 2 times, starting on turn 1188. You violated your moral code, losing 6 points of alignment, starting on turn 742. You disabled loading bones files. Dungeon overview: The Dungeons of Doom: levels 1 to 10 Level 1 some fountains a long staircase Level 2 an armor shop, an altar to Anhur Level 3 a fountain, a sink Level 4 Level 5 Level 6 (chauns) Level 7 Level 8 Level 9 Level 10 <- You were here History has recorded: On T:1 you entered the Dungeons of Doom to retrieve the Amulet of Yendor! On T:236 you advanced to experience level 2. On T:363 you reached level 2 of The Dungeons of Doom. On T:387 you reached level 3 of The Dungeons of Doom. On T:505 you advanced to experience level 3. On T:748 you advanced to experience level 4. On T:805 you advanced to experience level 5. On T:860 you reached level 4 of The Dungeons of Doom. On T:932 you reached level 5 of The Dungeons of Doom. On T:971 you reached level 6 of The Dungeons of Doom. On T:1186 you reached level 7 of The Dungeons of Doom. On T:1216 you reached level 8 of The Dungeons of Doom. On T:1304 you reached level 9 of The Dungeons of Doom. On T:1376 you reached level 10 of The Dungeons of Doom. On T:1504 you advanced to experience level 6. Score breakdown: Gold: 1706 (10994 points) Experience: 6 levels (12456 points) Exploration: 10 levels ( 18.87%) (12480 points) Discoveries: 16 items ( 5.78%) ( 7210 points) Valuables value: (no points given unless you survive) Artifact value: 0 ( 0 points) Variety of kills: 23 monsters ( 6.07%) ( 7390 points) Time penalty: 1507 turns ( 0 points) Survival: died (score multiplied by 80%) Total score: 40424 Latest messages: Your conscience bothers you, but you dismiss it. Gaziantep gets angry! You hit the youma! The rust monster bites! You die... Final status: Goodbye nht the Wizard, killed by a hallucinogen-distorted winter wolf cub... You died in The Dungeons of Doom on dungeon level 10 with 40424 points, and 1706 pieces of gold, after 1507 moves. You were level 6 with a maximum of 39 hit points when you died.